[ AOE2 MATCH · #478665459 ]
UnrankedHuns vs Ethiopians
[ REPLAY ANALYSIS · EXTRACTED FROM THE RECORDED GAME ]
Feudal
—
Castle
—
Imperial
—
| APM avg | 18.4 |
| APM peak | 54 |
| eAPM avg | 7.8 |
| Villagers / military | 55 / 0 |
Focus
⚔️ 15.4% · 🌾 84.6%
Feudal
11:58
Castle
—
Imperial
—
| APM avg | 19.0 |
| APM peak | 43 |
| eAPM avg | 8.1 |
| Villagers / military | 31 / 4 |
Focus
⚔️ 6.2% · 🌾 93.8%
Eagle Scout ×4
Feudal
22:32
Castle
—
Imperial
—
| APM avg | 23.9 |
| APM peak | 48 |
| eAPM avg | 10.5 |
| Villagers / military | 64 / 0 |
Focus
⚔️ 16.5% · 🌾 83.5%
Feudal
13:07
Castle
—
Imperial
—
| APM avg | 16.5 |
| APM peak | 54 |
| eAPM avg | 8.6 |
| Villagers / military | 37 / 0 |
Focus
⚔️ 6.5% · 🌾 93.5%
Fishing Ship ×4
Feudal
16:07
Castle
20:03
Imperial
—
| APM avg | 13.7 |
| APM peak | 30 |
| eAPM avg | 9.1 |
| Villagers / military | 42 / 13 |
Focus
⚔️ 11.4% · 🌾 88.6%
Fishing Ship ×16 · Battle Elephant ×7 · Battering Ram ×4 · Scout Cavalry ×2
Feudal
—
Castle
—
Imperial
—
| APM avg | 23.9 |
| APM peak | 76 |
| eAPM avg | 11.6 |
| Villagers / military | 47 / 0 |
Focus
⚔️ 10.3% · 🌾 89.7%
Feudal
12:15
Castle
26:24
Imperial
—
| APM avg | 32.4 |
| APM peak | 60 |
| eAPM avg | 15.7 |
| Villagers / military | 53 / 11 |
Focus
⚔️ 28.0% · 🌾 72.0%
Archer ×11 · Fishing Ship ×3
Feudal
14:21
Castle
19:56
Imperial
—
| APM avg | 20.6 |
| APM peak | 39 |
| eAPM avg | 10.9 |
| Villagers / military | 56 / 10 |
Focus
⚔️ 11.2% · 🌾 88.8%
Boyar ×4 · Battering Ram ×3 · Scout Cavalry ×2 · Scorpion ×1
Match map
Initial resources + every placement click. Lines = walls · curves = elevation contours. ◆ gold · ⬟ stone · ● berries · ✦ relic · ◌ wall gap
Your base· Open — unwalled flank
TacoLgando's base· Open — 5t gap
Antihero!'s base· Open — unwalled flank
ׅ's base· Open — unwalled flank
Chupeta de Sapo's base· Open — unwalled flank
only_mousee's base· Open — unwalled flank
李夭尊's base· Open — unwalled flank
12014665's base· Open — unwalled flank
Smoothed initial terrain · ◌ = detected wall gap · hover for details
Inputs per minute
— totoro1396 - - TacoLgando
Build order — totoro1396
75 actions detected in the replay
| 0:27 | Build | Town Center |
| 1:37 | Build | Mill |
| 1:51 | Build | Mill |
| 2:31 | Create | Villager (Male) |
| 2:32 | Create | Villager (Male) |
| 2:32 | Create | Villager (Male) |
| 2:47 | Create | Villager (Male) |
| 4:14 | Create | Villager (Male) |
| 4:14 | Create | Villager (Male) |
| 4:54 | Create | Villager (Male) |
| 4:54 | Create | Villager (Male) |
| 5:42 | Create | Villager (Male) |
| 5:42 | Create | Villager (Male) |
| 6:07 | Create | Villager (Male) |
| 6:08 | Create | Villager (Male) |
| 6:08 | Create | Villager (Male) |
| 6:08 | Create | Villager (Male) |
| 6:24 | Create | Villager (Male) |
| 6:41 | Create | Villager (Male) |
| 6:42 | Create | Villager (Male) |
| 7:05 | Create | Villager (Male) |
| 7:05 | Create | Villager (Male) |
| 7:06 | Create | Villager (Male) |
| 7:07 | Create | Villager (Male) |
| 7:37 | Create | Villager (Male) |
| 7:38 | Create | Villager (Male) |
| 7:41 | Create | Villager (Male) |
| 7:42 | Create | Villager (Male) |
| 8:30 | Create | Villager (Male) |
| 8:53 | Build | Lumber Camp |
| 9:01 | Create | Villager (Male) |
| 9:44 | Build | Farm |
| 9:50 | Build | Farm |
| 10:06 | Research | Loom |
| 10:19 | Build | Mining Camp |
| 10:21 | Research | Feudal Age |
| 10:22 | Research | Feudal Age |
| 12:49 | Build | Barracks |
| 13:06 | Build | Watch Tower |
| 13:21 | Create | Villager (Male) |
| 13:22 | Create | Villager (Male) |
| 13:22 | Create | Villager (Male) |
| 13:24 | Research | Double-Bit Axe |
| 13:24 | Research | Double-Bit Axe |
| 14:15 | Build | Watch Tower |
| 14:21 | Create | Villager (Male) |
| 14:33 | Create | Villager (Male) |
| 15:09 | Build | Watch Tower |
| 15:22 | Create | Villager (Male) |
| 15:22 | Create | Villager (Male) |
| 15:23 | Create | Villager (Male) |
| 15:23 | Create | Villager (Male) |
| 15:24 | Create | Villager (Male) |
| 15:29 | Create | Villager (Male) |
| 15:39 | Build | Blacksmith |
| 16:00 | Create | Villager (Male) |
| 16:01 | Create | Villager (Male) |
| 16:09 | Create | Villager (Male) |
| 16:09 | Create | Villager (Male) |
| 16:10 | Create | Villager (Male) |
| 16:26 | Research | Fletching |
| 16:56 | Create | Villager (Male) |
| 16:56 | Create | Villager (Male) |
| 16:57 | Create | Villager (Male) |
| 17:29 | Create | Villager (Male) |
| 17:43 | Create | Villager (Male) |
| 17:43 | Create | Villager (Male) |
| 18:00 | Create | Villager (Male) |
| 18:00 | Create | Villager (Male) |
| 18:28 | Build | Mining Camp |
| 18:35 | Build | Market |
| 18:52 | Create | Villager (Male) |
| 18:53 | Create | Villager (Male) |
| 18:53 | Create | Villager (Male) |
| 18:55 | Create | Villager (Male) |
Build order — TacoLgando
70 actions detected in the replay
| 0:18 | Build | Town Center |
| 0:28 | Build | House |
| 2:30 | Create | Villager (Male) |
| 2:30 | Create | Villager (Male) |
| 2:30 | Create | Villager (Male) |
| 2:34 | Create | Villager (Male) |
| 3:03 | Build | House |
| 4:09 | Create | Villager (Male) |
| 4:20 | Research | Loom |
| 4:24 | Create | Villager (Male) |
| 5:16 | Create | Villager (Male) |
| 5:51 | Create | Villager (Male) |
| 5:53 | Create | Villager (Male) |
| 5:58 | Build | Mill |
| 6:03 | Create | Villager (Male) |
| 6:48 | Build | House |
| 6:49 | Build | House |
| 7:03 | Create | Villager (Male) |
| 7:36 | Create | Villager (Male) |
| 8:02 | Create | Villager (Male) |
| 8:26 | Create | Villager (Male) |
| 8:43 | Create | Villager (Male) |
| 9:06 | Build | Lumber Camp |
| 9:20 | Create | Villager (Male) |
| 9:48 | Research | Feudal Age |
| 10:35 | Build | Mining Camp |
| 10:39 | Create | Villager (Male) |
| 11:11 | Build | Barracks |
| 11:27 | Build | Palisade Wall |
| 11:52 | Create | Villager (Male) |
| 11:58 | Age | Feudal Age |
| 12:00 | Research | Double-Bit Axe |
| 12:08 | Create | Eagle Scout |
| 12:13 | Create | Villager (Male) |
| 12:28 | Create | Eagle Scout |
| 12:36 | Build | Farm |
| 12:38 | Build | Farm |
| 13:04 | Create | Villager (Male) |
| 13:16 | Create | Villager (Male) |
| 13:19 | Build | Farm |
| 13:20 | Build | Farm |
| 13:24 | Build | Farm |
| 13:26 | Build | Farm |
| 13:36 | Build | House |
| 13:37 | Build | House |
| 13:53 | Research | Town Watch |
| 14:06 | Build | Farm |
| 14:08 | Create | Villager (Male) |
| 14:27 | Create | Villager (Male) |
| 14:38 | Build | Farm |
| 14:42 | Build | Farm |
| 14:47 | Create | Villager (Male) |
| 15:12 | Create | Villager (Male) |
| 15:37 | Create | Villager (Male) |
| 15:55 | Build | Farm |
| 15:55 | Build | Farm |
| 15:57 | Build | Farm |
| 16:06 | Build | Farm |
| 16:16 | Create | Villager (Male) |
| 16:31 | Create | Villager (Male) |
| 16:57 | Create | Eagle Scout |
| 16:58 | Create | Eagle Scout |
| 16:59 | Create | Villager (Male) |
| 17:26 | Create | Villager (Male) |
| 17:34 | Build | Blacksmith |
| 17:42 | Build | Market |
| 18:07 | Create | Villager (Male) |
| 18:44 | Build | House |
| 18:47 | Research | Castle Age |
| 18:58 | Build | Farm |
Build order — Antihero!
93 actions detected in the replay
| 0:35 | Build | Town Center |
| 1:56 | Build | House |
| 3:07 | Create | Villager (Male) |
| 3:07 | Create | Villager (Male) |
| 3:07 | Create | Villager (Male) |
| 3:07 | Create | Villager (Male) |
| 3:07 | Create | Villager (Male) |
| 3:08 | Create | Villager (Male) |
| 3:14 | Research | Loom |
| 4:28 | Build | Lumber Camp |
| 4:40 | Create | Villager (Male) |
| 4:40 | Create | Villager (Male) |
| 4:40 | Create | Villager (Male) |
| 5:12 | Create | Villager (Male) |
| 5:12 | Create | Villager (Male) |
| 5:12 | Create | Villager (Male) |
| 5:53 | Build | House |
| 6:17 | Build | House |
| 6:21 | Create | Villager (Male) |
| 6:22 | Create | Villager (Male) |
| 6:59 | Build | Palisade Wall |
| 7:04 | Build | Mill |
| 7:20 | Create | Villager (Male) |
| 7:20 | Create | Villager (Male) |
| 8:09 | Create | Villager (Male) |
| 8:19 | Create | Villager (Male) |
| 8:20 | Create | Villager (Male) |
| 8:48 | Create | Villager (Male) |
| 8:48 | Create | Villager (Male) |
| 8:48 | Create | Villager (Male) |
| 9:12 | Create | Villager (Male) |
| 9:12 | Create | Villager (Male) |
| 9:12 | Create | Villager (Male) |
| 9:12 | Create | Villager (Male) |
| 9:15 | Build | House |
| 9:29 | Create | Villager (Male) |
| 9:29 | Create | Villager (Male) |
| 9:29 | Create | Villager (Male) |
| 10:14 | Build | House |
| 10:57 | Create | Villager (Male) |
| 10:57 | Create | Villager (Male) |
| 10:57 | Create | Villager (Male) |
| 11:28 | Create | Villager (Male) |
| 11:28 | Create | Villager (Male) |
| 12:46 | Create | Villager (Male) |
| 12:47 | Create | Villager (Male) |
| 13:43 | Create | Villager (Male) |
| 13:44 | Create | Villager (Male) |
| 14:14 | Create | Villager (Male) |
| 14:14 | Create | Villager (Male) |
| 14:14 | Create | Villager (Male) |
| 14:50 | Create | Villager (Male) |
| 14:50 | Create | Villager (Male) |
| 14:50 | Create | Villager (Male) |
| 14:55 | Create | Villager (Male) |
| 14:55 | Create | Villager (Male) |
| 15:09 | Build | House |
| 15:47 | Build | Mill |
| 16:01 | Build | House |
| 16:03 | Create | Villager (Male) |
| 16:03 | Create | Villager (Male) |
| 16:12 | Build | House |
| 16:52 | Create | Villager (Male) |
| 16:52 | Create | Villager (Male) |
| 17:00 | Build | House |
| 17:02 | Build | Palisade Wall |
| 17:18 | Create | Villager (Male) |
| 17:18 | Create | Villager (Male) |
| 17:18 | Create | Villager (Male) |
| 18:03 | Build | Palisade Wall |
| 18:08 | Build | House |
| 18:13 | Create | Villager (Male) |
| 18:13 | Create | Villager (Male) |
| 18:13 | Create | Villager (Male) |
| 20:22 | Research | Feudal Age |
| 21:41 | Create | Villager (Male) |
| 21:41 | Create | Villager (Male) |
| 22:21 | Create | Villager (Male) |
| 22:21 | Create | Villager (Male) |
| 22:32 | Age | Feudal Age |
| 22:33 | Research | Double-Bit Axe |
| 22:36 | Build | Barracks |
| 22:51 | Build | Mill |
| 24:04 | Create | Villager (Male) |
| 24:05 | Create | Villager (Male) |
| 24:05 | Create | Villager (Male) |
| 24:05 | Create | Villager (Male) |
| 24:11 | Build | Mining Camp |
| 25:13 | Build | Market |
| 25:15 | Build | Blacksmith |
| 25:52 | Research | Castle Age |
| 27:39 | Build | Outpost |
| 27:41 | Research | Town Watch |
Build order — ׅ
95 actions detected in the replay
| 0:13 | Build | Town Center |
| 2:23 | Build | House |
| 2:25 | Create | Villager (Male) |
| 2:26 | Create | Villager (Male) |
| 2:26 | Create | Villager (Male) |
| 2:27 | Create | Villager (Male) |
| 3:28 | Build | House |
| 3:34 | Create | Villager (Male) |
| 3:51 | Research | Loom |
| 3:52 | Research | Loom |
| 4:16 | Create | Villager (Male) |
| 4:33 | Create | Villager (Male) |
| 4:56 | Create | Villager (Male) |
| 5:23 | Create | Villager (Male) |
| 5:23 | Create | Villager (Male) |
| 5:59 | Create | Villager (Male) |
| 6:22 | Build | Lumber Camp |
| 6:25 | Create | Villager (Male) |
| 6:27 | Create | Villager (Male) |
| 6:53 | Create | Villager (Male) |
| 6:56 | Create | Villager (Male) |
| 7:25 | Create | Villager (Male) |
| 7:37 | Build | House |
| 8:07 | Build | Mill |
| 8:10 | Create | Villager (Male) |
| 8:36 | Create | Villager (Male) |
| 8:44 | Build | House |
| 9:04 | Create | Villager (Male) |
| 9:26 | Build | House |
| 9:28 | Create | Villager (Male) |
| 10:07 | Build | House |
| 10:15 | Build | Barracks |
| 10:44 | Research | Feudal Age |
| 11:16 | Build | House |
| 12:23 | Build | House |
| 12:47 | Create | Villager (Male) |
| 13:06 | Build | Dock |
| 13:07 | Age | Feudal Age |
| 13:09 | Create | Villager (Male) |
| 13:10 | Create | Villager (Male) |
| 13:14 | Build | Blacksmith |
| 13:24 | Build | Archery Range |
| 13:27 | Build | Watch Tower |
| 13:32 | Research | Double-Bit Axe |
| 13:34 | Create | Villager (Male) |
| 13:35 | Create | Villager (Male) |
| 13:49 | Build | House |
| 13:51 | Build | House |
| 13:53 | Research | Tech 906 |
| 13:53 | Create | Fishing Ship |
| 13:53 | Create | Fishing Ship |
| 14:10 | Create | Villager (Male) |
| 14:17 | Build | House |
| 14:24 | Create | Fishing Ship |
| 14:26 | Create | Villager (Male) |
| 15:02 | Build | Mining Camp |
| 15:13 | Build | Fish Trap |
| 15:16 | Build | House |
| 15:25 | Research | Gold Mining |
| 15:26 | Create | Villager (Male) |
| 15:31 | Create | Villager (Male) |
| 15:51 | Build | House |
| 15:55 | Build | Fish Trap |
| 16:10 | Create | Fishing Ship |
| 16:32 | Build | Fish Trap |
| 16:50 | Build | Palisade Gate |
| 16:53 | Build | Palisade Gate |
| 16:56 | Build | Palisade Gate |
| 16:59 | Create | Villager (Male) |
| 17:02 | Build | Fish Trap |
| 17:12 | Create | Villager (Male) |
| 17:26 | Build | Mill |
| 17:28 | Build | House |
| 17:28 | Build | House |
| 17:37 | Create | Villager (Male) |
| 17:39 | Create | Villager (Male) |
| 17:43 | Build | Mining Camp |
| 17:48 | Build | House |
| 17:53 | Build | House |
| 18:05 | Build | Farm |
| 18:10 | Create | Villager (Male) |
| 18:12 | Build | Farm |
| 18:20 | Build | House |
| 18:21 | Build | House |
| 18:28 | Build | Farm |
| 18:31 | Research | Fletching |
| 18:32 | Research | Padded Archer Armor |
| 18:42 | Build | Farm |
| 18:43 | Create | Villager (Male) |
| 18:51 | Build | Farm |
| 18:56 | Create | Villager (Male) |
| 18:58 | Build | House |
| 19:15 | Build | Farm |
| 19:19 | Create | Villager (Male) |
| 19:21 | Build | Farm |
Build order — Chupeta de Sapo
115 actions detected in the replay
| 1:09 | Build | Town Center |
| 2:55 | Build | House |
| 3:45 | Create | Villager (Male) |
| 3:45 | Create | Villager (Male) |
| 4:01 | Create | Villager (Male) |
| 4:12 | Create | Villager (Male) |
| 4:19 | Build | Lumber Camp |
| 5:03 | Create | Villager (Male) |
| 5:34 | Create | Villager (Male) |
| 5:34 | Create | Villager (Male) |
| 5:49 | Build | House |
| 6:23 | Create | Villager (Male) |
| 6:48 | Research | Loom |
| 7:10 | Create | Villager (Male) |
| 7:23 | Build | Dock |
| 7:39 | Create | Villager (Male) |
| 8:09 | Create | Villager (Male) |
| 8:15 | Build | House |
| 8:32 | Create | Fishing Ship |
| 8:32 | Create | Fishing Ship |
| 8:41 | Create | Villager (Male) |
| 9:12 | Create | Villager (Male) |
| 9:16 | Create | Fishing Ship |
| 9:16 | Create | Fishing Ship |
| 9:26 | Build | House |
| 9:29 | Create | Villager (Male) |
| 10:00 | Create | Villager (Male) |
| 10:04 | Create | Fishing Ship |
| 10:04 | Create | Fishing Ship |
| 10:31 | Create | Villager (Male) |
| 10:35 | Create | Fishing Ship |
| 11:01 | Create | Villager (Male) |
| 11:04 | Create | Fishing Ship |
| 11:13 | Build | House |
| 11:28 | Create | Villager (Male) |
| 11:38 | Create | Fishing Ship |
| 11:57 | Create | Villager (Male) |
| 12:23 | Create | Fishing Ship |
| 12:52 | Create | Villager (Male) |
| 12:52 | Create | Villager (Male) |
| 13:30 | Create | Villager (Male) |
| 13:38 | Build | House |
| 13:40 | Build | House |
| 13:57 | Research | Feudal Age |
| 13:58 | Research | Feudal Age |
| 14:08 | Build | Mill |
| 14:26 | Build | Lumber Camp |
| 15:43 | Create | Villager (Male) |
| 15:43 | Create | Villager (Male) |
| 16:07 | Age | Feudal Age |
| 16:34 | Build | Fish Trap |
| 16:38 | Build | Fish Trap |
| 16:44 | Build | Fish Trap |
| 17:16 | Build | Fish Trap |
| 17:23 | Research | Castle Age |
| 17:23 | Research | Castle Age |
| 17:27 | Build | Stable |
| 17:35 | Build | Fish Trap |
| 17:49 | Build | Dock |
| 18:07 | Create | Scout Cavalry |
| 18:18 | Create | Fishing Ship |
| 18:19 | Create | Fishing Ship |
| 18:19 | Create | Fishing Ship |
| 18:32 | Create | Villager (Male) |
| 19:09 | Create | Fishing Ship |
| 20:03 | Age | Castle Age |
| 20:32 | Build | Fish Trap |
| 20:34 | Build | Fish Trap |
| 20:39 | Create | Battle Elephant |
| 20:42 | Create | Villager (Male) |
| 20:43 | Create | Villager (Male) |
| 20:43 | Create | Villager (Male) |
| 20:49 | Build | Town Center |
| 21:25 | Create | Scout Cavalry |
| 21:28 | Create | Villager (Male) |
| 21:34 | Create | Fishing Ship |
| 21:35 | Create | Fishing Ship |
| 22:05 | Create | Battle Elephant |
| 22:05 | Create | Battle Elephant |
| 22:13 | Build | Siege Workshop |
| 22:15 | Create | Villager (Male) |
| 22:21 | Build | Farm |
| 22:21 | Build | Farm |
| 22:22 | Build | Farm |
| 22:22 | Build | Farm |
| 22:22 | Build | Farm |
| 22:22 | Build | Farm |
| 22:42 | Create | Villager (Male) |
| 22:51 | Create | Battering Ram |
| 23:02 | Create | Battle Elephant |
| 23:02 | Create | Battle Elephant |
| 23:17 | Build | Fish Trap |
| 23:42 | Create | Battering Ram |
| 23:48 | Create | Villager (Male) |
| 23:49 | Create | Villager (Male) |
| 23:49 | Create | Villager (Male) |
| 23:56 | Create | Villager (Male) |
| 23:56 | Create | Villager (Male) |
| 23:57 | Create | Villager (Male) |
| 24:27 | Create | Battering Ram |
| 24:38 | Build | House |
| 24:39 | Build | House |
| 24:50 | Build | House |
| 24:51 | Build | House |
| 24:56 | Create | Villager (Male) |
| 24:57 | Create | Villager (Male) |
| 25:22 | Create | Villager (Male) |
| 25:33 | Research | Husbandry |
| 25:34 | Create | Battle Elephant |
| 25:35 | Create | Battle Elephant |
| 25:53 | Create | Battering Ram |
| 25:57 | Create | Villager (Male) |
| 25:57 | Create | Villager (Male) |
| 26:22 | Research | Wheelbarrow |
| 27:37 | Build | Fish Trap |
Build order — only_mousee
55 actions detected in the replay
| 0:06 | Build | Town Center |
| 0:11 | Build | House |
| 0:13 | Build | House |
| 0:15 | Build | House |
| 0:16 | Build | House |
| 2:18 | Create | Villager (Male) ×4 |
| 2:18 | Create | Villager (Male) ×4 |
| 3:06 | Research | Loom |
| 3:42 | Create | Villager (Male) |
| 3:42 | Create | Villager (Male) |
| 4:15 | Create | Villager (Male) |
| 4:16 | Create | Villager (Male) |
| 4:43 | Build | Lumber Camp |
| 5:10 | Create | Villager (Male) |
| 5:10 | Create | Villager (Male) |
| 5:18 | Create | Villager (Male) |
| 5:18 | Create | Villager (Male) |
| 5:55 | Create | Villager (Male) |
| 5:55 | Create | Villager (Male) |
| 6:16 | Create | Villager (Male) |
| 6:44 | Build | Palisade Wall |
| 6:48 | Build | Palisade Gate |
| 6:53 | Build | Palisade Wall |
| 6:56 | Create | Villager (Male) |
| 6:56 | Create | Villager (Male) |
| 7:15 | Create | Villager (Male) |
| 7:15 | Create | Villager (Male) |
| 7:42 | Create | Villager (Male) |
| 7:42 | Create | Villager (Male) |
| 7:46 | Create | Villager (Male) |
| 7:46 | Create | Villager (Male) |
| 8:28 | Build | Palisade Wall |
| 8:33 | Build | Palisade Wall |
| 8:37 | Create | Villager (Male) |
| 8:38 | Create | Villager (Male) |
| 9:09 | Create | Villager (Male) |
| 9:10 | Create | Villager (Male) |
| 9:42 | Build | Mill |
| 10:40 | Build | Town Center |
| 11:18 | Build | Town Center |
| 12:14 | Create | Villager (Male) ×5 |
| 12:14 | Create | Villager (Male) ×5 |
| 12:32 | Create | Villager (Male) |
| 12:32 | Create | Villager (Male) |
| 13:01 | Build | Mill |
| 13:04 | Create | Villager (Male) |
| 13:04 | Create | Villager (Male) |
| 13:24 | Build | House |
| 13:39 | Create | Villager (Male) |
| 13:39 | Create | Villager (Male) |
| 14:29 | Build | Town Center |
| 14:36 | Build | Town Center |
| 14:42 | Build | Palisade Wall |
| 14:45 | Build | Palisade Wall |
| 14:48 | Build | Palisade Wall |
Build order — 李夭尊
102 actions detected in the replay
| 0:14 | Build | Town Center |
| 2:28 | Create | Villager (Male) |
| 2:28 | Create | Villager (Male) |
| 2:29 | Create | Villager (Male) |
| 2:39 | Create | Villager (Male) |
| 2:39 | Create | Villager (Male) |
| 3:28 | Research | Loom |
| 3:28 | Research | Loom |
| 3:43 | Create | Villager (Male) |
| 3:44 | Create | Villager (Male) |
| 4:17 | Build | Lumber Camp |
| 4:20 | Create | Villager (Male) |
| 4:20 | Create | Villager (Male) |
| 5:26 | Create | Villager (Male) |
| 5:26 | Create | Villager (Male) |
| 5:26 | Create | Villager (Male) |
| 6:13 | Create | Villager (Male) |
| 6:13 | Create | Villager (Male) |
| 6:45 | Create | Villager (Male) |
| 6:45 | Create | Villager (Male) |
| 6:45 | Create | Villager (Male) |
| 7:01 | Build | Mill |
| 7:38 | Create | Villager (Male) |
| 7:39 | Create | Villager (Male) |
| 7:39 | Create | Villager (Male) |
| 7:39 | Create | Villager (Male) |
| 8:30 | Create | Villager (Male) |
| 8:30 | Create | Villager (Male) |
| 9:07 | Build | Mining Camp |
| 10:05 | Research | Feudal Age |
| 11:10 | Build | Outpost |
| 11:27 | Build | Barracks |
| 12:13 | Create | Villager (Male) |
| 12:13 | Create | Villager (Male) |
| 12:15 | Age | Feudal Age |
| 12:21 | Build | Watch Tower |
| 12:58 | Build | Archery Range |
| 13:38 | Build | Watch Tower |
| 13:43 | Create | Archer |
| 13:43 | Create | Archer |
| 13:44 | Create | Villager (Male) |
| 13:51 | Create | Villager (Male) |
| 13:59 | Create | Villager (Male) |
| 14:20 | Create | Villager (Male) |
| 14:52 | Create | Villager (Male) |
| 15:24 | Build | Mining Camp |
| 16:14 | Create | Villager (Male) |
| 16:17 | Create | Villager (Male) |
| 16:31 | Build | Watch Tower |
| 16:35 | Build | Blacksmith |
| 16:36 | Create | Villager (Male) |
| 17:05 | Research | Fletching |
| 17:05 | Research | Fletching |
| 17:36 | Build | Watch Tower |
| 17:41 | Create | Villager (Male) |
| 17:57 | Create | Archer |
| 17:57 | Create | Archer |
| 17:59 | Create | Villager (Male) |
| 18:33 | Create | Villager (Male) |
| 18:52 | Create | Archer |
| 19:10 | Create | Villager (Male) |
| 19:48 | Create | Villager (Male) |
| 20:13 | Create | Villager (Male) |
| 20:24 | Build | Mill |
| 20:38 | Build | Lumber Camp |
| 20:42 | Create | Villager (Male) |
| 20:44 | Build | Market |
| 21:09 | Build | Mill |
| 21:10 | Create | Villager (Male) |
| 21:33 | Build | Mill |
| 21:37 | Create | Villager (Male) |
| 22:03 | Create | Archer |
| 22:04 | Create | Villager (Male) |
| 22:20 | Create | Archer |
| 22:21 | Create | Villager (Male) |
| 22:35 | Create | Archer |
| 22:35 | Create | Villager (Male) |
| 23:04 | Create | Archer |
| 23:05 | Create | Villager (Male) |
| 23:17 | Create | Archer |
| 23:18 | Create | Villager (Male) |
| 23:35 | Research | Castle Age |
| 23:35 | Research | Castle Age |
| 24:02 | Create | Villager (Male) |
| 24:06 | Create | Villager (Male) |
| 24:11 | Research | Double-Bit Axe |
| 24:11 | Research | Double-Bit Axe |
| 24:21 | Build | Dock |
| 24:56 | Create | Fishing Ship |
| 26:12 | Create | Archer |
| 26:13 | Create | Villager (Male) |
| 26:20 | Create | Villager (Male) |
| 26:24 | Age | Castle Age |
| 26:31 | Build | Town Center |
| 26:41 | Build | Town Center |
| 26:44 | Create | Fishing Ship |
| 26:51 | Create | Villager (Male) |
| 26:55 | Research | Bow Saw |
| 26:56 | Research | Bow Saw |
| 27:19 | Build | Town Center |
| 27:21 | Create | Villager (Male) |
| 27:25 | Create | Fishing Ship |
Build order — 12014665
131 actions detected in the replay
| 0:36 | Build | Town Center |
| 2:31 | Build | House |
| 3:23 | Create | Villager (Male) |
| 3:24 | Create | Villager (Male) |
| 3:24 | Create | Villager (Male) |
| 3:24 | Create | Villager (Male) |
| 4:43 | Create | Villager (Male) |
| 4:43 | Create | Villager (Male) |
| 5:07 | Build | House |
| 5:25 | Create | Villager (Male) |
| 5:25 | Create | Villager (Male) |
| 5:48 | Build | House |
| 6:21 | Create | Villager (Male) |
| 6:21 | Create | Villager (Male) |
| 6:29 | Create | Villager (Male) |
| 6:29 | Create | Villager (Male) |
| 7:28 | Create | Villager (Male) |
| 7:29 | Create | Villager (Male) |
| 7:42 | Build | Lumber Camp |
| 8:05 | Create | Villager (Male) |
| 8:23 | Build | House |
| 8:31 | Create | Villager (Male) |
| 8:31 | Create | Villager (Male) |
| 9:27 | Create | Villager (Male) |
| 9:27 | Create | Villager (Male) |
| 10:23 | Create | Villager (Male) |
| 10:23 | Create | Villager (Male) |
| 11:12 | Create | Villager (Male) |
| 11:22 | Build | Mill |
| 11:39 | Research | Loom |
| 11:39 | Research | Loom |
| 12:01 | Research | Feudal Age |
| 12:02 | Research | Feudal Age |
| 12:35 | Build | House |
| 13:14 | Build | Barracks |
| 14:19 | Create | Villager (Male) |
| 14:20 | Create | Villager (Male) |
| 14:21 | Age | Feudal Age |
| 14:26 | Build | Mining Camp |
| 14:33 | Build | Stable |
| 14:41 | Build | Blacksmith |
| 14:51 | Create | Villager (Male) |
| 15:16 | Create | Villager (Male) |
| 15:25 | Create | Scout Cavalry |
| 15:29 | Create | Scout Cavalry |
| 15:32 | Build | House |
| 15:34 | Build | House |
| 15:42 | Create | Villager (Male) |
| 16:09 | Create | Villager (Male) |
| 16:29 | Create | Villager (Male) |
| 17:04 | Build | House |
| 17:14 | Research | Castle Age |
| 17:14 | Research | Castle Age |
| 18:02 | Research | Wheelbarrow |
| 18:02 | Research | Wheelbarrow |
| 18:10 | Research | Double-Bit Axe |
| 18:10 | Research | Double-Bit Axe |
| 18:14 | Build | House |
| 18:24 | Build | Palisade Wall |
| 19:42 | Research | Horse Collar |
| 19:42 | Research | Horse Collar |
| 19:56 | Age | Castle Age |
| 20:00 | Create | Villager (Male) |
| 20:05 | Build | Town Center |
| 20:11 | Build | Town Center |
| 20:14 | Research | Bow Saw |
| 20:14 | Research | Bow Saw |
| 21:24 | Build | Palisade Wall |
| 21:28 | Build | Palisade Gate |
| 21:30 | Create | Villager (Male) |
| 21:30 | Create | Villager (Male) |
| 21:33 | Create | Villager (Male) |
| 21:37 | Build | Farm |
| 21:39 | Build | Farm |
| 21:40 | Build | Farm |
| 22:14 | Create | Villager (Male) |
| 22:16 | Create | Villager (Male) |
| 22:16 | Create | Villager (Male) |
| 22:19 | Build | Farm |
| 22:20 | Build | Farm |
| 22:22 | Build | Farm |
| 22:26 | Build | House |
| 22:27 | Build | House |
| 22:55 | Create | Villager (Male) |
| 22:55 | Create | Villager (Male) |
| 23:00 | Build | Farm |
| 23:02 | Build | Farm |
| 23:04 | Build | Farm |
| 23:32 | Create | Villager (Male) |
| 23:35 | Build | House |
| 23:36 | Build | House |
| 23:43 | Build | Farm |
| 23:45 | Build | Farm |
| 24:09 | Create | Villager (Male) |
| 24:10 | Create | Villager (Male) |
| 24:40 | Build | Farm |
| 24:41 | Build | Farm |
| 24:43 | Create | Villager (Male) |
| 24:43 | Create | Villager (Male) |
| 24:48 | Build | Farm |
| 24:50 | Build | Farm |
| 24:55 | Build | House |
| 24:58 | Create | Villager (Male) |
| 24:59 | Create | Villager (Male) |
| 25:14 | Build | Castle |
| 25:19 | Build | Siege Workshop |
| 25:20 | Create | Villager (Male) |
| 25:21 | Create | Villager (Male) |
| 25:33 | Build | Town Center |
| 25:40 | Create | Villager (Male) |
| 25:40 | Create | Villager (Male) |
| 25:40 | Create | Villager (Male) |
| 26:04 | Create | Battering Ram |
| 26:05 | Create | Battering Ram |
| 26:06 | Create | Scorpion |
| 26:22 | Build | Siege Workshop |
| 26:32 | Create | Boyar |
| 26:32 | Create | Boyar |
| 26:56 | Build | Town Center |
| 27:00 | Create | Battering Ram |
| 27:08 | Create | Boyar |
| 27:08 | Create | Boyar |
| 27:10 | Create | Villager (Male) |
| 27:12 | Create | Villager (Male) |
| 27:13 | Create | Villager (Male) |
| 27:16 | Create | Villager (Male) |
| 27:16 | Create | Villager (Male) |
| 27:16 | Create | Villager (Male) |
| 27:20 | Build | Farm |
| 27:21 | Build | Farm |
| 27:23 | Build | Farm |
Match timeline
| 6:44 | only_mousee · wall_segment Palisade Wall x5 |
| 6:53 | only_mousee · wall_segment Palisade Wall x7 |
| 6:59 | Antihero! · wall_segment Palisade Wall x6 |
| 7:23 | Chupeta de Sapo · first_building Dock |
| 8:28 | only_mousee · wall_segment Palisade Wall x2 |
| 8:33 | only_mousee · wall_segment Palisade Wall x1 |
| 10:15 | ׅ · first_building Barracks |
| 11:11 | TacoLgando · first_building Barracks |
| 11:27 | TacoLgando · wall_segment Palisade Wall x4 |
| 11:27 | 李夭尊 · first_building Barracks |
| 11:58 | TacoLgando · age_up feudal |
| 12:15 | 李夭尊 · age_up feudal |
| 12:49 | totoro1396 · first_building Barracks |
| 12:58 | 李夭尊 · first_building Archery Range |
| 13:06 | ׅ · first_building Dock |
| 13:07 | ׅ · age_up feudal |
| 13:14 | 12014665 · first_building Barracks |
| 13:24 | ׅ · first_building Archery Range |
| 14:21 | 12014665 · age_up feudal |
| 14:33 | 12014665 · first_building Stable |
| 14:42 | only_mousee · wall_segment Palisade Wall x1 |
| 14:45 | only_mousee · wall_segment Palisade Wall x1 |
| 14:48 | only_mousee · wall_segment Palisade Wall x1 |
| 16:07 | Chupeta de Sapo · age_up feudal |
| 17:02 | Antihero! · wall_segment Palisade Wall x5 |
| 17:27 | Chupeta de Sapo · first_building Stable |
| 18:03 | Antihero! · wall_segment Palisade Wall x18 |
| 18:24 | 12014665 · wall_segment Palisade Wall x21 |
| 19:17 | totoro1396 · resign |
| 19:56 | 12014665 · age_up castle |
| 20:03 | Chupeta de Sapo · age_up castle |
| 21:24 | 12014665 · wall_segment Palisade Wall x6 |
| 22:13 | Chupeta de Sapo · first_building Siege Workshop |
| 22:32 | Antihero! · age_up feudal |
| 22:36 | Antihero! · first_building Barracks |
| 24:21 | 李夭尊 · first_building Dock |
| 25:14 | 12014665 · first_building Castle |
| 25:19 | 12014665 · first_building Siege Workshop |
| 26:24 | 李夭尊 · age_up castle |
| 27:09 | 李夭尊 · first_market_sell 100 food |
| 27:10 | 李夭尊 · first_market_buy 100 wood |
[ AI ANALYSIS · 1 CREDIT ]
What really happened in this match?
Wolo.gg analyzes every decision: build order, eco, micro, common mistakes by bracket. Personalized analysis on WhatsApp or Discord in 30 seconds.
Civ guide
Huns
Perfil
Jugador #5191236